 Dungeon Crawl Stone Soup version 0.30.1-1-g62c8e00024 (webtiles) character file.

Game seed: 16823834488111250949

644 Eryximachus the Changer (level 7, 0/57 HPs)
             Began as a White Draconian Transmuter on July 14, 2023.
             Slain by Pikel
             ... wielding a +0 whip of electrocution
              (10 damage)
             ... on level 4 of the Dungeon on July 15, 2023.
             The game lasted 00:15:57 (4767 turns).

Eryximachus the Changer (DrTm)                      Turns: 4767, Time: 00:15:58

Health: 0/57       AC:  2    Str: 13    XL:     7   Next: 26%
Magic:  7/10       EV: 19    Int: 15    God:
Gold:   121        SH:  0    Dex: 16    Spells: 3/11 levels left

rFire   . .          .
                       - Unarmed
rCold   . . .        (shield currently unavailable)
rNeg    . . .        (body armour unavailable)
rPois   x            (helmet currently unavailable)
rElec   .            (cloak currently unavailable)
rCorr   .            (gloves currently unavailable)
SInv    .            (boots currently unavailable)
Will    .....        (no amulet)
Stlth   +            (no ring)
HPRegen 0.29/turn    (no ring)
MPRegen 0.12/turn

%: no passive effects
@: spider-form
A: venomous fangs, (breathe frost), AC +6, tiny, unfitting armour, (cold
resistance 1), (cold-blooded)
a: End Transformation


You were on level 4 of the Dungeon.
You were a venomous arachnid creature.
You visited 1 branch of the dungeon, and saw 4 of its levels.

You collected 121 gold pieces.

Inventory:

Missiles
 h - 15 stones
Armour
 k - a +0 cloak
 n - a +2 buckler
Scrolls
 b - a scroll of vulnerability {unknown}
 c - 4 scrolls of teleportation {unknown}
 d - a scroll of magic mapping
 l - a scroll of enchant armour {unknown}
 m - a scroll of enchant weapon {unknown}
 o - a scroll of amnesia {unknown}
 q - a scroll of butterflies {unknown}
 t - a scroll of identify
Potions
 a - 2 potions of lignification
 e - 2 potions of degeneration
 f - 2 potions of ambrosia
 g - 2 potions of curing
 i - a potion of cancellation {unknown}
 j - a potion of magic {unknown}
 p - a potion of haste {unknown}
 r - a potion of attraction {unknown}
 s - a potion of brilliance {unknown}


   Skills:
 - Level 3.0 Fighting
 - Level 2.0 Dodging
 + Level 4.5 Unarmed Combat
 * Level 2.5 Spellcasting
 * Level 1.3 Translocations
 * Level 5.3 Transmutations
 - Level 3.0 Poison Magic


You had 3 spell levels left.
You knew the following spells:

 Your Spells              Type           Power      Damage    Failure   Level
a - Beastly Appendage     Tmut           34%        N/A       9%          1
b - Wereblood             Tmut           17%        N/A       12%         2
c - Spider Form           Tmut/Pois      14%        N/A       28%         3
d - Blink                 Tloc           12%        N/A       38%         2

Your spell library contained the following spells:

 Spells                   Type           Power      Damage    Failure   Level
 Lesser Beckoning         Tloc           12%        N/A       38%         2
 Momentum Strike          Conj/Tloc      8%         3d8       45%         2
 Sublimation of Blood     Necr           1%         N/A       54%         2
 Ozocubu's Armour         Ice            1%         N/A       75%         3
 Ice Form                 Ice/Tmut       9%         N/A       77%         4
 Ozocubu's Refrigeration  Ice            0%         4d7       100%        7
 Summon Hydra             Summ           0%         N/A       100%        7


Dungeon Overview and Level Annotations

Branches:
Dungeon (4/15)
 Temple: D:4-7

Altars:
Okawaru

Annotations:
D:3 exclusion: scorpion
D:4 Pikel


Innate Abilities, Weirdness & Mutations

You are a venomous arachnid creature.
You have venomous fangs.
You are tiny and dextrous.
Your spellcasting is less reliable in this form.
Your armour is entirely melded.
You are incapable of wielding weapons or throwing items.
((You can breathe waves of freezing cold which knock back foes.))
((Your icy white scales are hard. (AC +6)))
You cannot fit into any form of body armour.
((Your flesh is cold resistant. (rC+)))
((You are cold-blooded and may be slowed by cold attacks.))


Message History

You hit the orc.
The orc looks even sicker.
The orc is severely wounded.
The orc misses you.
You hit the orc.
The orc looks as sick as possible!
The orc is almost dead.
You feel a bit better.
You kill the orc!
e - 2 potions of degeneration (gained 1)
You now have 121 gold pieces (gained 6).
Things that are here:
a +0 flail; a +0 hand axe; a +0 scale mail You start resting.
Your transformation is almost over.
Your primal bloodlust is almost over.
You start resting.
Your primal bloodlust has ended.
Pikel is nearby!
Pikel is nearby!
Pikel is nearby!
Pikel is nearby!
Your transformation has ended.
Pikel shouts!
You hear a shout! x2
The lemure shouts!
A lemure comes into view.
Pikel attacks as you move away! Pikel closely misses you.
The lemure attacks as you move away! The lemure hits you.
The lemure shouts!
Pikel attacks as you move away!
Pikel hits you with a +0 whip of electrocution.
You are electrocuted!
An endoplasm comes into view.
Pikel attacks as you move away!
Pikel hits you with a +0 whip of electrocution!
You are electrocuted!
* * * LOW HITPOINT WARNING * * *
Casting: Spider Form (dangerous; 12% risk of failure)
Confirm with . or Enter, or press ? or * to list all spells.
You turn into a venomous arachnid creature.
Pikel hits you with a +0 whip of electrocution!
You die...

...#...)##.##.....# #..#
.......))#.##.....# #<##
.......#..........# #.#
......##...##.....####.####
......5.5#.##.....#.......#
####.......[########.##....#
#.#J##.### #.#.....##
#......######## #........#
#.#....55.5Ks.# #.#.....##
#.####.#.#.##.# #.##....#
#.#.#.##.# #...)...#
..#.#....#######.###
####.####.........#
#.####.######### #......#
########


You could see Pikel and 3 lemures.

Vanquished Creatures
  2 yaks
  Blork the orc (D:4)
  A kobold brigand (D:4)
  An orc priest (D:4)
  An iguana (D:3)
  4 adders
  7 gnolls
  An ufetubus (D:4)
  A dart slug (D:4)
  4 orcs
  3 bats (D:1)
  5 endoplasms
  2 giant cockroaches (D:1)
  7 goblins
  3 hobgoblins
  2 jackals (D:1)
  A quokka (D:1)
  9 ball pythons
  A frilled lizard (D:3)
  6 kobolds
  12 rats
74 creatures vanquished.

Notes
Turn   | Place    | Note
-------+----------+-------------------------------------------
     0 | D:1      | Eryximachus the Draconian Transmuter began the quest for
                  | the Orb.
     0 | D:1      | Reached XP level 1. HP: 16/16 MP: 3/3
   334 | D:1      | Reached XP level 2. HP: 23/23 MP: 3/5
   339 | D:1      | Learned a level 2 spell: Wereblood
  1066 | D:2      | Reached XP level 3. HP: 24/29 MP: 4/6
  1070 | D:2      | Learned a level 3 spell: Spider Form
  1305 | D:2      | Reached skill level 3 in Transmutations
  1533 | D:2      | Found an iron altar of Okawaru.
  1705 | D:2      | Reached skill level 1 in Poison Magic
  2024 | D:2      | Reached XP level 4. HP: 36/36 MP: 7/7
  2643 | D:3      | Noticed a scorpion
  2770 | D:3      | Identified the +1 robe of Dyspraxia {rN+ Str+6 Dex+2}
  3289 | D:4      | Noticed Pikel
  3289 | D:4      | Noticed a lemure
  3289 | D:4      | Noticed a lemure
  3289 | D:4      | Noticed a lemure
  3320 | D:3      | Reached XP level 5. HP: 23/42 MP: 1/8
  3592 | D:4      | Noticed a yak
  3618 | D:4      | Killed a yak
  3619 | D:4      | Reached skill level 4 in Transmutations
  3619 | D:4      | Reached XP level 6. HP: 30/51 MP: 4/9
  3719 | D:4      | Noticed Blork the orc
  3738 | D:4      | Killed Blork the orc
  4027 | D:4      | Reached skill level 5 in Transmutations
  4060 | D:4      | Learned a level 2 spell: Blink
  4068 | D:4      | Noticed a yak
  4068 | D:4      | Noticed a yak
  4068 | D:4      | Noticed a yak
  4424 | D:3      | Killed a yak
  4425 | D:3      | Reached skill level 1 in Translocations
  4425 | D:3      | Your scales start taking on an icy white colour.
  4425 | D:3      | Reached XP level 7. HP: 57/57 MP: 5/10
  4425 | D:3      | Gained mutation: Your flesh is cold resistant. (rC+) [White
                  | Draconian growth]
  4767 | D:4      | Slain by Pikel

Illustrated notes

Levels and vault maps discovered:
D:1:      erik_arrival_triangle_small, layout_loops_ring
D:2:      layout_loops_corners, basic_altar, corexii_corridor_pit,
          minmay_misc_feat_alley
D:3:      layout_rooms, kennysheep_generic_room_2
D:4:      layout_loops_cross, uniq_pikel, uniq_blork_the_orc

Skill      XL: |  1  2  3  4  5  6 |
---------------+-------------------+-----
Dodging        | 2 |  2.0
Transmutations | 3 4 5 |  5.3
Fighting       | 2 3 |  3.0
Poison Magic   | 1 2 3 |  3.0
Unarmed Combat | 4 |  4.5
Translocations | 1 |  1.3
Spellcasting   | |  2.5

Action                     |  1- 3 |  4- 6 |  7- 9 || total
---------------------------+-------+-------+-------++-------
  Melee: Unarmed           |   106 |   131 |    17 ||   254
         Kick              |    11 |     2 |       ||    13
         Headbutt          |     7 |     1 |       ||     8
         Punch             |     2 |     1 |       ||     3
         Tailslap          |    10 |     8 |       ||    18
   Cast: Beastly Appendage |    13 |     1 |       ||    14
         Wereblood         |     5 |     8 |     1 ||    14
         Spider Form       |     1 |     6 |     2 ||     9
         Blink             |       |     1 |       ||     1
    Use: Scroll            |       |     3 |       ||     3
   Stab: Sleeping          |     1 |       |       ||     1
 Armour: Skin              |    46 |    26 |     6 ||    78
  Dodge: Dodged            |    60 |   100 |    20 ||   180
